 Dungeon Crawl Stone Soup version 0.23.2-1-ga50397a6bc (webtiles) character file.

Game seed: 11811927279519881510

133 Mrkan the Chopper (level 5, -1/47 HPs)
             Began as a Hill Orc Monk on May 25, 2019.
             Slain by Crazy Yiuf
             ... wielding a +4 quarterstaff of chaos
              (6 damage)
             ... on level 2 of the Dungeon.
             The game lasted 00:02:54 (1541 turns).

Mrkan the Chopper (Hill Orc Monk)                   Turns: 1541, Time: 00:02:55

Health: -1/47      AC:  9    Str: 15    XL:     5   Next: 16%
Magic:  3/5        EV:  7    Int: 10    God:
Gold:   152        SH:  0    Dex: 13    Spells: 4/4 levels left

rFire    . . .     SeeInvis .   a - +0 hand axe
rCold    . . .     Gourm    .   (no shield)
rNeg     . . .     Faith    .   q - +0 chain mail
rPois    .         Spirit   .   (no helmet)
rElec    .         Reflect  .   f - +0 cloak
rCorr    .         Harm     .   (no gloves)
MR       .....                  (no boots)
Stlth    ..........             (no amulet)
HPRegen  0.15/turn              (no ring)
MPRegen  0.09/turn              (no ring)

@: no status effects
A: no striking features
a: no special abilities


You were on level 2 of the Dungeon.
You were not hungry.

You visited 1 branch of the dungeon, and saw 2 of its levels.

You collected 152 gold pieces.

Inventory:

Hand Weapons
 a - a +0 hand axe (weapon)
Armour
 f - a +0 cloak (worn)
 q - a +0 chain mail (worn)
Jewellery
 i - a cursed ring of attention {unknown}
 x - a cursed amulet of inaccuracy {unknown}
Wands
 v - a wand of polymorph (3)
Scrolls
 b - a scroll of enchant weapon {unknown}
 g - 3 scrolls of remove curse {unknown}
 j - 5 scrolls of identify {unknown}
 p - a scroll of amnesia {unknown}
 s - a scroll of immolation {unknown}
 t - a scroll of fear {unknown}
Potions
 d - 4 potions of flight {unknown}
 e - 3 potions of cancellation {unknown}
 h - a potion of degeneration {unknown}
 k - a potion of might {unknown}
 l - 2 potions of agility {unknown}
 m - 2 potions of haste {unknown}
 n - 2 potions of heal wounds
 r - 2 potions of invisibility {unknown}
 u - 3 potions of brilliance {unknown}
 w - a potion of curing {unknown}
Comestibles
 c - 4 rations


   Skills:
 + Level 4.9 Fighting
 * Level 6.6 Axes
 - Level 2.4 Dodging
 - Level 1.5 Stealth


You had 4 spell levels left.
You didn't know any spells.
Your spell library was empty.

Dungeon Overview and Level Annotations

Branches:
Dungeon (2/15)

Altars:

Annotations:
D:2 Crazy Yiuf


Message History

Your chain mail prevents you from hitting Crazy Yiuf.
Crazy Yiuf is moderately wounded.
Crazy Yiuf hits you with a +4 quarterstaff of chaos.
* * * LOW HITPOINT WARNING * * *
You are confused.
You hit Crazy Yiuf but do no damage.
Crazy Yiuf is moderately wounded.
Crazy Yiuf barely misses you.
You bump into the tree.
You bump into the stone wall.
You feel less confused. Crazy Yiuf barely misses you.
You hit Crazy Yiuf.
Crazy Yiuf is heavily wounded.
Crazy Yiuf hits you with a +4 quarterstaff of chaos.
* * * LOW HITPOINT WARNING * * *
You slash Crazy Yiuf!
Crazy Yiuf is almost dead.
Crazy Yiuf hits you with a +4 quarterstaff of chaos.
You die...

#..###....## #.##....#.#.#
#..........######.##.#..#.#.#
##.#####............##.#....#
#..# #############.#..#.####
#.## ##.#.#..... #.#
##.#.#.#### #.###♣♣ ####
#.#.#..# #...#.♣♣ ♣♣#..)#
##.###.# #.....P♣♣♣♣.@g..#
#.#.#..# ##......♣..♣#...#
##.#.#.#### ##.#P.♣.♣♣♣ ####
##.#.#÷##.. ###♣♣♣♣♣
#.........# ######.####
#..... ######


You could see Crazy Yiuf.

Vanquished Creatures
  Jessica (D:2)
  Terence (D:2)
  An adder (D:2)
  A gnoll (D:1)
  A dart slug (D:2)
  A leopard gecko (D:2)
  8 bats
  7 goblins
  7 hobgoblins
  14 jackals
  A quokka (D:2)
  A ball python (D:2)
  2 frilled lizards (D:1)
  7 kobolds
  3 rats
56 creatures vanquished.

Notes
Turn   | Place    | Note
-------+----------+-------------------------------------------
     0 | D:1      | Mrkan the Hill Orc Monk began the quest for the Orb.
     0 | D:1      | Reached XP level 1. HP: 19/19 MP: 1/1
   158 | D:1      | Reached XP level 2. HP: 26/27 MP: 2/2
   277 | D:1      | Reached skill level 5 in Axes
   277 | D:1      | Reached XP level 3. HP: 13/33 MP: 3/3
   810 | D:2      | Reached XP level 4. HP: 34/41 MP: 4/4
   937 | D:2      | Found a runed translucent door.
   938 | D:2      | Noticed Crazy Yiuf
  1007 | D:2      | Noticed Terence
  1021 | D:2      | Killed Terence
  1021 | D:2      | Reached skill level 6 in Axes
  1081 | D:2      | Noticed Jessica
  1090 | D:2      | Killed Jessica
  1090 | D:2      | Reached XP level 5. HP: 47/47 MP: 5/5
  1541 | D:2      | Slain by Crazy Yiuf

Skill      XL: |  1  2  3  4 |
---------------+-------------+-----
Fighting       | 4 |  4.9
Axes           | 5 6 |  6.6
Dodging        | |  2.4
Stealth        | |  1.5

Action                   |  1- 3 |  4- 6 || total
-------------------------+-------+-------++-------
Melee: Hand axe          |   146 |    87 ||   233
 Stab: Sleeping          |     1 |       ||     1
  Eat: Chunk             |       |     2 ||     2
Armor: Robe              |    17 |       ||    17
       Scale mail        |    57 |     1 ||    58
       Chain mail        |       |    55 ||    55
Dodge: Dodged            |   110 |    23 ||   133
